 Dungeon Crawl Stone Soup version 0.20.1-1-g8b1a95d (webtiles) character file.

571 Gremour the Carver (level 7, 0/57 HPs)
             Began as a Minotaur Monk on Oct 31, 2017.
             Incinerated by n0claF's ghost (3 damage)
             ... with a sticky flame
             ... on level 4 of the Dungeon.
             The game lasted 00:16:49 (2986 turns).

Gremour the Carver (Minotaur Monk)                  Turns: 2986, Time: 00:16:49

Health: 0/57       AC:  9    Str: 16    XL:     7   Next: 12%
Magic:  6/6        EV:  7    Int:  7    God:
Gold:   213        SH:  0    Dex: 14    Spells: 6/6 levels left

rFire    . . .     SeeInvis +   a - +0 long sword
rCold    . . .     Gourm    .   (no shield)
rNeg     . . .     Faith    .   o - +0 chain mail
rPois    .         Spirit   .   (helmet restricted)
rElec    .         Reflect  .   j - +0 cloak
rCorr    .         Harm     .   (no gloves)
MR       .....                  (no boots)
Stlth    ..........             (no amulet)
Regen    0.2/turn               s - ring of see invisible
MPRegen  0.1/turn               (no ring)

@: liquid flames, glowing
A: retaliatory headbutt, horns 2
a: no special abilities


You were on level 4 of the Dungeon.
You were not hungry.

You visited 2 branches of the dungeon, and saw 5 of its levels.

You collected 213 gold pieces.

Inventory:

Hand Weapons
 a - a +0 long sword (weapon)
Armour
 j - a +0 cloak (worn)
 o - a +0 chain mail (worn)
Jewellery
 s - a ring of see invisible (left hand)
Scrolls
 b - a scroll of fog {unknown}
 d - 4 scrolls of identify {unknown}
 e - 4 scrolls of amnesia {unknown}
 f - 2 scrolls of noise {unknown}
 h - a scroll of fear {unknown}
 q - a scroll of teleportation {unknown}
 r - a scroll of remove curse {unknown}
Books
 p - a book of Misfortune

   Spells                             Type                      Level
   a - Confusing Touch                Hexes                        1
   b - Confuse                        Hexes                        3
   c - Gell's Gravitas                Translocation                3
   d - Petrify                        Transmutation/Earth          4
   e - Metabolic Englaciation         Hexes/Ice                    5
   f - Yara's Violent Unravelling     Hexes/Transmutation          5
Comestibles
 c - 3 bread rations
 g - a meat ration
 m - 7 fruits
 n - 2 royal jellies


   Skills:
 - Level 3.6 Fighting
 * Level 9.8 Long Blades
 - Level 3.2 Dodging
 - Level 1.5 Stealth


You had 6 spell levels left.
You didn't know any spells.

Dungeon Overview and Level Annotations

Branches:
Dungeon (4/15)             Temple (1/1) D:4

Altars:
Ashenzari
Cheibriados
Elyvilon
Gozag
Hepliaklqana
Kikubaaqudgha
Makhleb
Nemelex Xobeh
Ru
Sif Muna
Trog
Uskayaw
Xom
The Shining One


Innate Abilities, Weirdness & Mutations

You reflexively headbutt those who attack you in melee.
You have a pair of horns on your head.


Message History

N0claF's ghost is severely damaged.
You hit n0claF's ghost but do no damage.
N0claF's ghost is severely damaged.
You are covered in liquid flames!
* * * LOW HITPOINT WARNING * * *
N0claF's ghost sprays you with burning goo.
The sticky flame hits you!
You are covered in liquid flames!
* * * LOW HITPOINT WARNING * * *
You hit n0claF's ghost but do no damage.
You headbutt n0claF's ghost.
N0claF's ghost is almost destroyed.
You are covered in liquid flames!
* * * LOW HITPOINT WARNING * * *
N0claF's ghost hits you but does no damage.
You completely miss n0claF's ghost. You headbutt n0claF's ghost.
You destroy n0claF's ghost!
You have reached level 7!
You are covered in liquid flames!
You die...

#.......# #..(....#
#.......#
#.......#+#######..
#..................
###'####.......####
#.## #.......# #..#
#.......#
##@###..)....#
#...........##
#..####.#####
##########..## #.#
#............# #.#
#.......####.###)#####
######.......#
#........<#
.............#
##..#.#####
######.......#
###..#...


There were no monsters in sight!

Vanquished Creatures
  Grinder (D:3)
  An ogre (D:4)
  The ghost of n0claF the Magician, an amateur DEFE (D:4)
  Terence (D:2)
  An orc wizard (D:3)
  2 worker ants (D:4)
  Robin (D:3)
  3 adders (D:2)
  An ooze (D:2)
  A worm (D:3)
  2 dart slugs (D:3)
  2 orcs (D:3)
  3 ball pythons
  8 bats
  3 giant cockroaches
  14 goblins
  9 hobgoblins
  4 jackals (D:3)
  10 kobolds
  A quokka (D:2)
  3 frilled lizards
  6 rats
78 creatures vanquished.

Notes
Turn   | Place    | Note
-------+----------+-------------------------------------------
     0 | D:1      | Gremour the Minotaur Monk began the quest for the Orb.
     0 | D:1      | Reached XP level 1. HP: 19/19 MP: 0/0
   267 | D:1      | Reached skill level 4 in Long Blades
   432 | D:1      | Reached XP level 2. HP: 26/26 MP: 1/1
   589 | D:2      | Found a hide-covered altar of Uskayaw.
   593 | D:2      | Noticed Terence
   613 | D:2      | Killed Terence
   613 | D:2      | Reached skill level 5 in Long Blades
   613 | D:2      | Reached XP level 3. HP: 29/31 MP: 2/2
   744 | D:2      | Reached skill level 6 in Long Blades
   744 | D:2      | Reached XP level 4. HP: 32/39 MP: 3/3
  1232 | D:3      | Noticed Robin
  1263 | D:3      | Killed Robin
  1738 | D:3      | Found a snail-covered altar of Cheibriados.
  1823 | D:3      | Found a deep blue altar of Sif Muna.
  1856 | D:3      | Reached skill level 7 in Long Blades
  1856 | D:3      | Reached XP level 5. HP: 37/45 MP: 4/4
  1959 | D:3      | Noticed Grinder
  1961 | D:3      | Paralysed by Grinder for 6 turns
  1980 | D:3      | Paralysed by Grinder for 5 turns
  1987 | D:3      | Paralysed by Grinder for 6 turns
  2003 | D:3      | Killed Grinder
  2003 | D:3      | Reached skill level 8 in Long Blades
  2003 | D:3      | Reached XP level 6. HP: 31/51 MP: 5/5
  2351 | D:4      | Reached skill level 9 in Long Blades
  2712 | D:4      | Found a staircase to the Ecumenical Temple.
  2721 | Temple   | Entered the Ecumenical Temple
  2967 | D:4      | Noticed n0claF's ghost (amateur DEFE)
  2986 | D:4      | Killed n0claF's ghost
  2986 | D:4      | Reached XP level 7. HP: 3/57 MP: 6/6
  2986 | D:4      | Incinerated by n0claF's ghost

Skill      XL: |  1  2  3  4  5  6 |
---------------+-------------------+-----
Long Blades    | 4 5 6 7 8 9 |  9.8
Fighting       | |  3.6
Dodging        | |  3.2
Stealth        | |  1.5

Action                   |  1- 3 |  4- 6 |  7- 9 || total
-------------------------+-------+-------+-------++-------
Melee: Falchion          |    54 |    54 |       ||   108
       Headbutt          |    11 |    41 |       ||    52
       Long sword        |       |   110 |       ||   110
  Use: Potion            |       |     5 |       ||     5
 Stab: Sleeping          |     3 |       |       ||     3
  Eat: Chunk             |       |     5 |       ||     5
       Meat ration       |       |     1 |       ||     1
Armor: Robe              |     5 |     1 |       ||     6
       Chain mail        |       |    79 |       ||    79
       Ring mail         |       |     7 |       ||     7
Dodge: Dodged            |    45 |    74 |       ||   119
       Rpst.: Falchion   |    12 |     9 |       ||    21
       Long sword        |       |    11 |       ||    11
